 Dungeon Crawl Stone Soup version 0.25-a0-96-g4073cf80fb (webtiles) character file.

Game seed: 15725854237136802164, levelgen mode: deterministic

114 MrRokkomies the Skirmisher (level 4, 0/41 HPs)
             Began as a Ghoul Monk on Nov 12, 2019.
             Splashed by a jelly's acid (3 damage)
             ... on level 2 of the Dungeon.
             The game lasted 00:04:20 (1113 turns).

MrRokkomies the Skirmisher (Ghoul Monk)             Turns: 1113, Time: 00:04:21

Health: 0/41       AC: -4    Str: 15    XL:     4   Next: 98%
Magic:  12/12      EV:  7    Int:  5    God:
Gold:   35         SH:  0    Dex: 11    Spells: 3/3 levels left

rFire    . . .     SeeInvis .     - Unarmed
rCold    + . .     Gourm    .   (no shield)
rNeg     + + +     Faith    .   d - +0 chain mail
rPois    ∞         Spirit   .   (no helmet)
rElec    .         Reflect  .   (no cloak)
rCorr    .         Harm     .   (no gloves)
MR       +....                  (no boots)
Stlth    ..........             (no amulet)
HPRegen  0.00/turn              f - ring of magical power
MPRegen  0.13/turn              m - ring of protection from magic

@: corroded, rotting
A: rotting body, claws 1, carnivore, cold resistance 1, negative energy
resistance 3, inhibited regeneration, torment resistance, unbreathing
a: no special abilities


You were on level 2 of the Dungeon.
You were not hungry.

You visited 1 branch of the dungeon, and saw 2 of its levels.

You collected 35 gold pieces.

Inventory:

Missiles
 a - 23 bolts
 h - 28 stones (quivered)
 i - 10 poisoned darts
Armour
 d - a +0 chain mail (worn)
Jewellery
 f - a ring of magical power (left claw)
 m - a ring of protection from magic (right claw)
Scrolls
 e - 2 scrolls of enchant weapon {unknown}
 l - a scroll of enchant armour {unknown}
Potions
 c - a potion of curing
 k - a potion of heal wounds {unknown}
Comestibles
 b - 7 rations
 g - 3 chunks of flesh


   Skills:
 * Level 4.8 Fighting
 - Level 2.6 Dodging
 - Level 2.1 Stealth
 * Level 4.8 Unarmed Combat


You had 3 spell levels left.
You didn't know any spells.
Your spell library was empty.

Dungeon Overview and Level Annotations

Branches:
Dungeon (2/15)

Altars:
Fedhas


Innate Abilities, Weirdness & Mutations

Your body is rotting away.
You thrive on raw meat.
You are immune to poison.
You have sharp fingernails.
You are carnivorous and can eat meat at any time.
Your flesh is cold resistant. (rC+)
You are immune to negative energy. (rN+++)
You do not regenerate when monsters are visible.
You are immune to unholy pain and torment.
You can survive without breathing.


Message History

The jelly is severely wounded.
The jelly hits you but does no damage. The leopard gecko bites you.
You scratch the jelly. The acid corrodes you!
Your claws burn!
The jelly is almost dead.
The leopard gecko completely misses you.
The jelly closely misses you.
Some of the chunks of flesh in your inventory have rotted away.
You are too injured to fight recklessly!
You are too injured to fight recklessly!
You are too injured to fight recklessly!
You are too injured to fight recklessly!
You are too injured to fight recklessly!
You are too injured to fight recklessly!
You scratch the jelly but do no damage. The acid corrodes you!
Your claws burn!
The jelly is almost dead.
The leopard gecko bites you. The jelly hits you. The acid corrodes you!
You are splashed with acid!
* * * LOW HITPOINT WARNING * * *
You scratch the jelly but do no damage.
Your claws burn!
You die...

#.÷# ... #.## ##.
#.# #. #.# #. #
####.###.# #.
##.#####........#
.........##.####..#
......†.###.#
.......@# #.#
.......lJ......
...............
...............
...............
...............
............?..
###############


You could see a jelly and a leopard gecko.

Vanquished Creatures
  3 gnolls (D:2)
  3 adders (D:2)
  An ooze (D:2)
  3 worms (D:2)
  2 dart slugs (D:2)
  A leopard gecko (D:1)
  A bat (D:2)
  3 giant cockroaches (D:1)
  4 hobgoblins
  3 jackals (D:2)
  A quokka (D:2)
  3 frilled lizards (D:2)
  4 goblins (D:1)
  6 kobolds
  6 rats
44 creatures vanquished.

Notes
Turn   | Place    | Note
-------+----------+-------------------------------------------
     0 | D:1      | MrRokkomies the Ghoul Monk began the quest for the Orb.
     0 | D:1      | Reached XP level 1. HP: 19/19 MP: 0/0
   106 | D:1      | Reached XP level 2. HP: 23/26 MP: 1/1
   745 | D:2      | Reached XP level 3. HP: 32/32 MP: 2/2
   771 | D:2      | Reached XP level 4. HP: 19/41 MP: 3/3
  1055 | D:2      | Found a blossoming altar of Fedhas.
  1113 | D:2      | Splashed by a jelly's acid

Levels and vault maps discovered:
D:1:      roderic_octagonal_star, layout_basic
D:2:      layout_rooms, yredelemnul_forgotten_temple_becter, marbit_many_paths

Skill      XL: |  1  2 |
---------------+-------+-----
Fighting       | 4 |  4.8
Unarmed Combat | 4 |  4.8
Dodging        | |  2.6
Stealth        | |  2.1

Action                   |  1- 3 |  4- 6 || total
-------------------------+-------+-------++-------
Melee: Unarmed           |    85 |    95 ||   180
       Punch             |       |     1 ||     1
  Use: Scroll            |     3 |       ||     3
 Stab: Sleeping          |     3 |       ||     3
  Eat: Chunk             |    11 |    11 ||    22
Armor: Robe              |     5 |       ||     5
       Chain mail        |    33 |    56 ||    89
Dodge: Dodged            |    36 |    29 ||    65

Table legend:
 A = Non-vault XP
 B = Vault XP
 C = Vault XP percentage of total XP
 D = Non-vault monster count
 E = Vault monster count
 F = Vault count percentage of total count
                 A         B        C        D         E       F
            +---------+---------+-------+---------+---------+-------
      Total |     163 |       1 |   0.6 |      43 |       1 |   2.3
            +---------+---------+-------+---------+---------+-------
        D:1 |      30 |       0 |   0.0 |      17 |       0 |   0.0
        D:2 |     133 |       1 |   0.7 |      26 |       1 |   3.7
            +---------+---------+-------+---------+---------+-------
